 Dungeon Crawl Stone Soup version 0.29.1-15-g9cfb28693d (webtiles) character file.

Game seed: 8677372673439717064

126 vishdafish the Conjurer (level 4, 0/30 HPs)
             Began as a Demonspawn Conjurer on Mar 29, 2023.
             Slain by a hound (1 damage)
             ... on level 4 of the Dungeon.
             The game lasted 00:03:35 (3382 turns).

vishdafish the Conjurer (Demonspawn Conjurer)       Turns: 3382, Time: 00:03:36

Health: 0/30       AC:  5    Str: 13    XL:     4   Next: 83%
Magic:  7/9        EV: 12    Int: 22    God:
Gold:   183        SH:  0    Dex: 11    Spells: 9/10 levels left

rFire   + . .      SeeInvis .   f - +0 whip
rCold   . . .      Faith    .   (no shield)
rNeg    . . .      Spirit   .   a - +0 robe
rPois   .          Reflect  .   (helmet restricted)
rElec   .          Harm     .   (no cloak)
rCorr   .          Rampage  .   (no gloves)
Will    .....                   (no boots)
Stlth   ++........              (no amulet)
HPRegen 0.10/turn               m - +6 ring of strength
MPRegen 0.11/turn               l - ring of protection from fire

@: no status effects
A: horns 1, slimy green scales 2
a: no special abilities


You were on level 4 of the Dungeon.
You visited 1 branch of the dungeon, and saw 4 of its levels.

You collected 183 gold pieces.

Inventory:

Hand Weapons
 f - a +0 whip (weapon)
Armour
 a - a +0 robe (worn)
Jewellery
 l - a ring of protection from fire (right hand)
 m - a +6 ring of strength (left hand)
Scrolls
 c - a scroll of immolation {unknown}
 i - 2 scrolls of enchant weapon {unknown}
Potions
 b - a potion of cancellation
 e - 3 potions of attraction
 h - a potion of curing {unknown}
 j - a potion of ambrosia {unknown}
 k - a potion of brilliance {unknown}


   Skills:
 - Level 1.7 Dodging
 - Level 1.7 Stealth
 + Level 3.6 Spellcasting
 + Level 5.2 Conjurations


You had 9 spell levels left.
You knew the following spells:

 Your Spells              Type           Power      Damage    Failure   Level
a - Magic Dart            Conj           100%       1d8       1%          1

Your spell library contained the following spells:

 Spells                   Type           Power      Damage    Failure   Level
 Searing Ray              Conj           54%        2d6       1%          2
 Beastly Appendage        Tmut           6%         N/A       12%         1
 Dazzling Flash           Conj/Hex       30%        N/A       12%         3
 Ensorcelled Hibernation  Hex/Ice        6%         N/A       19%         2
 Passwall                 Tmut/Erth      2%         N/A       19%         2
 Wereblood                Tmut           3%         N/A       19%         2
 Spider Form              Tmut/Pois      3%         N/A       34%         3
 Swiftness                Air            3%         N/A       34%         3
 Fulminant Prism          Conj/Hex       7%         3d7       36%         4
 Iskenderun's Mystic Bla  Conj/Tloc      15%        2d5       36%         4
 Cause Fear               Hex            1%         N/A       75%         4
 Dragon Form              Tmut           1%         N/A       100%        7
 Dragon's Call            Summ           1%         N/A       100%        9


Dungeon Overview and Level Annotations

Branches:
Dungeon (4/15)
 Temple: D:4-7

Altars:
Ashenzari
Makhleb


Innate Abilities, Weirdness & Mutations

You have a pair of small horns on your head.
You are mostly covered in slimy green scales. (AC +3)


Message History

The magic dart hits the orc wizard but does no damage.
The orc wizard is moderately wounded.
The magic dart hits the orc wizard but does no damage.
The orc wizard is moderately wounded.
An orc priest comes into view. It is wielding a +0 club.
The orc wizard casts a spell at you.
You are confused.
You hear a shout!
You're too confused to cast spells.
You're too confused to cast spells.
An orc wizard comes into view. It is wielding a +0 dagger.
The orc wizard shouts!
You bump into the rock wall.
A phantom comes into view.
You bump into the rock wall.
You bump into the rock wall.
You feel less confused. The hound misses you. The hound barely misses you.
The orc wizard hits you but does no damage.
The orc wizard points at you and mumbles some strange words.
The puff of flame misses you. The hound barely misses you.
The orc priest mumbles some strange prayers to Beogh against you.
Beogh smites you!
The orc wizard casts a spell.
The orc wizard flickers and vanishes!
Deactivating autopickup; reactivate with Ctrl-A.
The hound attacks as you move away! The hound closely misses you.
Found a stone staircase leading up.
The hound closely misses you. The hound attacks as you move away!
The hound barely misses you. The hound closely misses you.
The orc priest invokes the aid of Beogh against you.
Beogh smites you!
* * * LOW HITPOINT WARNING * * *
The hound attacks as you move away! The hound bites you but does no damage.
The hound barely misses you. The hound attacks as you move away!
The hound bites you.
* * * LOW HITPOINT WARNING * * *
The hound attacks as you move away! The hound misses you. The hound bites you.
You die...

. ......##.# .W ..
#..<.##.### .. ...
#.........####.# ....
#...# #.#....#
#....###...####......#
#....)...o..o.......#
##..##.#######.#.....#
#.h.#####.#####.# #
###@............#
....#######...........
.......<).##........##
...######..#........#
##..........#
###.........#
#..........
#........## #########


You could see a hound.

Vanquished Creatures
  6 adders
  4 dart slugs
  3 orcs
  8 endoplasms
  3 giant cockroaches
  2 goblins (D:2)
  6 hobgoblins
  2 jackals (D:1)
  6 kobolds
  4 quokkas
  2 ball pythons
  2 bats
  2 frilled lizards
  11 rats
61 creatures vanquished.

Notes
Turn   | Place    | Note
-------+----------+-------------------------------------------
     0 | D:1      | vishdafish the Demonspawn Conjurer began the quest for the
                  | Orb.
     0 | D:1      | Reached XP level 1. HP: 13/13 MP: 3/3
   438 | D:1      | Gained mutation: You are partially covered in slimy green
                  | scales. (AC +2) [demonic ancestry]
   438 | D:1      | Reached XP level 2. HP: 15/19 MP: 0/5
  1335 | D:2      | Gained mutation: You have a pair of small horns on your
                  | head. [demonic ancestry]
  1335 | D:2      | Reached XP level 3. HP: 24/24 MP: 5/7
  1959 | D:2      | Gained mutation: You are mostly covered in slimy green
                  | scales. (AC +3) [demonic ancestry]
  1959 | D:2      | Reached XP level 4. HP: 20/30 MP: 0/8
  2391 | D:2      | Reached skill level 5 in Conjurations
  2751 | D:3      | Found a faded altar of an unknown god.
  2975 | D:3      | Found a broken altar of Ashenzari.
  3071 | D:3      | Found a burning altar of Makhleb.
  3071 | D:3      | Noticed a cacodemon
  3074 | D:3      | Noticed an orange demon
  3074 | D:3      | Noticed a smoke demon
  3288 | D:4      | Noticed a necrophage
  3368 | D:4      | Noticed a phantom
  3381 | D:4      | HP: 1/30 [hound (1)]
  3382 | D:4      | Slain by a hound

Illustrated notes

Levels and vault maps discovered:
D:1:      minmay_arrival_checkered_box, layout_loops_ring,
          minmay_rat_gold_closets
D:2:      layout_basic, minmay_quantized
D:3:      layout_rooms, makhleb_altar_promises_db, mainiacjoe_overflow_alcove_1,
          dreamdust_ecumenical_altar_statues
D:4:      layout_rooms, hangedman_decor_growths

Skill      XL: |  1  2  3  4 |
---------------+-------------+-----
Spellcasting   | 3 |  3.6
Conjurations   | 5 |  5.2
Dodging        | |  1.7
Stealth        | |  1.7

Action                   |  1- 3 |  4- 6 || total
-------------------------+-------+-------++-------
Melee: Unarmed           |     5 |       ||     5
       Whip              |    30 |    14 ||    44
       Headbutt          |     2 |     1 ||     3
 Cast: Magic Dart        |    76 |    50 ||   126
  Use: Potion            |     1 |     1 ||     2
       Scroll            |       |     3 ||     3
 Stab: Sleeping          |     1 |       ||     1
Armor: Robe              |    13 |     4 ||    17
Dodge: Dodged            |    47 |    19 ||    66
